 Dungeon Crawl Stone Soup version 0.27.1 (webtiles) character file.

Game seed: 12080523569619355674

63 nightchill the Chopper (level 3, -2/28 HPs)
             Began as a Demonspawn Gladiator on Aug 23, 2021.
             Slain by a worm (10 damage)
             ... on level 3 of the Dungeon.
             The game lasted 00:02:18 (2277 turns).

nightchill the Chopper (Demonspawn Gladiator)       Turns: 2277, Time: 00:02:18

Health: -2/28      AC:  4    Str: 15    XL:     3   Next: 87%
Magic:  3/3        EV: 12    Int:  9    God:
Gold:   118        SH:  0    Dex: 14    Spells: 2/2 levels left

rFire    . . .     SeeInvis .   a - +0 war axe
rCold    . . .     Faith    .   (no shield)
rNeg     . . .     Spirit   .   b - +0 leather armour
rPois    .         Reflect  .   c - +0 helmet
rElec    .         Harm     .   (no cloak)
rCorr    .         Rampage  .   (no gloves)
Will     .....                  (no boots)
Stlth    +.........             (no amulet)
HPRegen  0.09/turn              (no ring)
MPRegen  0.08/turn              (no ring)

@: no status effects
A: ignite blood 1
a: no special abilities


You were on level 3 of the Dungeon.
You visited 1 branch of the dungeon, and saw 3 of its levels.

You collected 118 gold pieces.

Inventory:

Hand Weapons
 a - a +0 war axe (weapon)
Missiles
 d - 3 throwing nets (quivered)
Armour
 b - a +0 leather armour (worn)
 c - a +0 helmet (worn)
Scrolls
 f - 3 scrolls of identify {unknown}
 g - a scroll of immolation {unknown}
 h - a scroll of magic mapping {unknown}
 i - a scroll of enchant weapon {unknown}
 k - a scroll of fog {unknown}
 l - a scroll of noise {unknown}
Potions
 e - a potion of lignification {unknown}
 j - 2 potions of heal wounds {unknown}


   Skills:
 + Level 2.9 Fighting
 * Level 3.9 Axes
 - Level 1.7 Throwing
 - Level 2.6 Dodging


You had 2 spell levels left.
You didn't know any spells.
Your spell library contained the following spells:

 Spells                   Type           Power      Damage    Failure   Level
 Gell's Gravitas          Tloc           0%         N/A       83%         3
 Teleport Other           Tloc           0%         N/A       83%         3
 Dispersal                Tloc           0%         N/A       100%        6


Dungeon Overview and Level Annotations

Branches:
Dungeon (3/15)

Altars:


Innate Abilities, Weirdness & Mutations

Your demonic aura sometimes causes spilled blood to erupt in flames.


Message History

A rat comes into view.
There is a faded altar of an unknown god here.
You hit the rat.
You kill the rat!
No target in view!
A worm comes into view.
A worm is nearby!
A worm is nearby!
An adder comes into view.
Found a falchion.
The adder hisses angrily.
The worm misses you.
You slash the worm!
The worm is severely wounded.
The worm bites you.
You barely miss the worm.
The worm is heavily wounded.
You completely miss the worm.
The worm is heavily wounded.
The worm bites you. The adder bites you but does no damage.
The worm completely misses you.
You hit the worm but do no damage.
The worm is heavily wounded.
You closely miss the adder. The adder barely misses you.
The adder bites you but does no damage. The worm bites you!
* * * LOW HITPOINT WARNING * * *
You are too injured to fight recklessly!
You are too injured to fight recklessly!
You are too injured to fight recklessly!
You are too injured to fight recklessly!
You closely miss the adder. You hit the worm. The adder misses you.
The adder bites you but does no damage.
You miss the adder. You hit the worm. The adder bites you but does no damage.
The worm bites you.
* * * LOW HITPOINT WARNING * * *
You barely miss the adder. You barely miss the worm.
The adder bites you but does no damage. The adder bites you.
* * * LOW HITPOINT WARNING * * *
The worm bites you!
You die...

### #.. ##### #)#
##...###.#
######.†...##.#####.##
...##.......@w.......
###.##_....#..S####.##
#.........#.....#
#.##.#.########...##
........# ##.....
..##.#..### #.####
........#.## #.#
.###.##..<.## #+#
#>.......#


You could see a worm and an adder.

Vanquished Creatures
  An adder (D:2)
  A worm (D:2)
  3 dart slugs (D:2)
  3 ball pythons
  5 bats
  7 endoplasms
  A giant cockroach (D:2)
  5 goblins
  4 hobgoblins
  4 jackals
  A kobold (D:2)
  6 rats
41 creatures vanquished.

Notes
Turn   | Place    | Note
-------+----------+-------------------------------------------
     0 | D:1      | nightchill the Demonspawn Gladiator began the quest for the
                  | Orb.
     0 | D:1      | Reached XP level 1. HP: 16/16 MP: 1/1
   293 | D:1      | Reached skill level 3 in Axes
   294 | D:1      | Gained mutation: Your demonic aura sometimes causes spilled
                  | blood to erupt in flames. [demonic ancestry]
   294 | D:1      | Reached XP level 2. HP: 15/22 MP: 2/2
  1317 | D:2      | Reached XP level 3. HP: 24/28 MP: 3/3
  2255 | D:3      | Found a faded altar of an unknown god.
  2277 | D:3      | Slain by a worm

Illustrated notes

Levels and vault maps discovered:
D:1:      kennysheep_arrival_forest, layout_basic, serial_curves,
          eino_curves_01, eino_curves_04, st_stairs_8
D:2:      layout_loops_ring
D:3:      layout_loops_corners, cheibrodos_sewer_entry_drain,
          basic_ecumenical_altar, minmay_lizard_king, uniq_terence

Skill      XL: |  1 |
---------------+----+-----
Axes           | 3 |  3.9
Fighting       | |  2.9
Throwing       | |  1.7
Dodging        | |  2.6

Action                   || total
-------------------------++-------
Melee: War axe           ||   100
 Stab: Sleeping          ||     2
Armor: Leather armour    ||    34
Dodge: Dodged            ||    68
